 Dungeon Crawl Stone Soup version 0.31-a0-859-g9dce7d3444 (webtiles) character file.

Game seed: 10703255966718438289

257 BinkBink the Ducker (level 5, -4/28 HPs)
             Began as a Spriggan Fighter on Oct 10, 2023.
             Was an Initiate of Wu Jian.
             Slain by an ogre
             ... wielding a +0 giant club
              (32 damage)
             ... on level 4 of the Dungeon.
             The game lasted 00:07:23 (4114 turns).

BinkBink the Ducker (Spriggan Fighter)              Turns: 4114, Time: 00:07:24

Health: -4/28      AC:  3    Str: 18    XL:     5   Next: 93%
Magic:  6/6        EV: 20    Int: 10    God:    Wu Jian [......]
Gold:   275        SH:  5    Dex: 16    Spells: 4/4 levels left

rFire   . . .        a - +0 rapier
rCold   . . .        c - +0 buckler
rNeg    . . .        o - +1 robe {Will+}
rPois   .            (helmet restricted)
rElec   .            (no cloak)
rCorr   .            (gloves unavailable)
SInv    +            (boots unavailable)
Will    +....        (no amulet)
Stlth   +            j - +6 ring of strength
HPRegen 0.24/turn    (no ring)
MPRegen 0.10/turn

%: no passive effects
@: very quick
A: very small, no large weapons, unfitting armour, see invisible, speed 3
a: Renounce Religion


You were on level 4 of the Dungeon.
You worshipped Wu Jian.
Wu Jian was noncommittal.
You visited 1 branch of the dungeon, and saw 5 of its levels.

You collected 275 gold pieces.

Inventory:

Hand Weapons
 a - a +0 rapier (weapon)
Missiles
 t - 2 throwing nets
Armour
 b - a +0 robe
 c - a +0 buckler (worn)
 o - a +1 robe of willpower (worn)
Jewellery
 j - a +6 ring of strength (left hand)
Scrolls
 e - a scroll of immolation
 i - 3 scrolls of teleportation
 l - a scroll of identify {unknown}
 m - a scroll of amnesia
 n - a scroll of vulnerability {unknown}
 p - a scroll of noise {unknown}
 u - a scroll of poison {unknown}
Potions
 d - a potion of might
 f - 9 potions of curing {unknown}
 g - a potion of lignification {unknown}
 h - a potion of invisibility {unknown}
 k - a potion of mutation {unknown}
 q - a potion of heal wounds {unknown}
 r - a potion of attraction {unknown}
 s - a potion of magic {unknown}
 v - a potion of enlightenment {unknown}


   Skills:
 + Level 3.2 Fighting
 * Level 4.7 Short Blades
 * Level 6.3 Dodging
 - Level 2.2 Shields


You had 4 spell levels left.
You didn't know any spells.
Your spell library contained the following spells:

 Spells                   Type           Power      Damage    Failure   Level
 Flame Wave               Conj/Fire      0%         2d4       99%         4
 Leda's Liquefaction      Hex/Erth       0%         N/A       99%         4
 Iskenderun's Battlesphe  Conj           0%         2d6       100%        5


Dungeon Overview and Level Annotations

Branches:
Dungeon (5/15)
 Temple: D:4-7

Altars:
Hepliaklqana
Okawaru
Qazlal
Wu Jian
The Shining One

Shops:
D:4 [


Innate Abilities, Weirdness & Mutations

You are very small and have problems with some larger weapons.
You are too small for most types of armour.
You have supernaturally acute eyesight. (SInv)
You cover ground extremely quickly. (Speed+++)


Message History

There is an open door here.
An ogre is nearby!
Okay, then.
Search for what [Enter for "sword", or ? for help]? sling Can't find anything matching that.
An ogre is nearby!
The ogre shouts!
You puncture the ogre!
The ogre is moderately wounded.
The ogre barely misses you.
You hit the ogre.
The ogre is moderately wounded.
You block the ogre's attack.
You hit the ogre but do no damage.
The ogre is moderately wounded.
You barely miss the ogre.
The ogre is moderately wounded.
The ogre closely misses you.
You puncture the ogre!
The ogre is heavily wounded.
The ogre closely misses you.
You hit the ogre.
The ogre is severely wounded.
You barely miss the ogre.
The ogre is severely wounded.
The ogre hits you with a +0 giant club!!
Ouch! That really hurt!
* * * LOW HITPOINT WARNING * * *
There is a stone staircase leading up here.
You climb upwards.
There is a stone staircase leading down, spattered with blood here.
HP restored.
Done exploring.
You climb downwards.
The ogre misses you.
There is a stone staircase leading up here.
You hit the ogre.
The ogre is heavily wounded.
The ogre hits you with a +0 giant club!!
Ouch! That really hurt!
You die...

#.....#...#####.#.# #..#........
##.....#...# #.#.# #........#.#
.......#...# #.#.# #.#....#.#.#
##...).#...#####.#.# #.##.#.#.#.#
...#.............#.# #.#..#.#.#.#
##...............#.# #.#..#.#.#.#
......#..........#.# #.#..#.#...#
.....##..#######.#.###.#......#..
#'##+###........@O........#......
.#.....#..................>......
.#.....####.##...#.#####..#####.#
#+##'##+.##.##.#.#.#####..# #†#
....#..#.......###.....#..# #.#
###'#..####.##.......#.#..# #.#
....#..#.....#)##......#..# #.#
._..'..'.....#.##......#..#####.#
....#..###...#.#####...#......#.#


You could see an ogre.

Vanquished Creatures
  A phantom (D:4)
  A hound (D:4)
  2 orc wizards (D:3)
  2 adders (D:5)
  An ufetubus (D:5)
  2 worms (D:2)
  2 dart slugs
  3 orcs
  5 bats
  4 endoplasms
  3 giant cockroaches
  6 goblins
  9 hobgoblins
  3 quokkas
  8 ball pythons
  4 frilled lizards
  10 kobolds
  A rat (D:2)
67 creatures vanquished.

Notes
Turn   | Place    | Note
-------+----------+-------------------------------------------
     0 | D:1      | BinkBink the Spriggan Fighter began the quest for the Orb.
     0 | D:1      | Reached XP level 1. HP: 11/11 MP: 2/2
   485 | D:1      | Reached XP level 2. HP: 16/16 MP: 3/3
  1549 | D:2      | Reached XP level 3. HP: 19/19 MP: 4/4
  1565 | D:2      | Got an ancient book
  2377 | D:3      | Reached skill level 5 in Dodging
  2510 | D:3      | Found a glowing golden altar of the Shining One.
  2642 | D:3      | Found an iron altar of Okawaru.
  2784 | D:3      | Found a stormy altar of Qazlal.
  2895 | D:4      | Found an ornate altar of the Wu Jian Council.
  2905 | D:4      | Reached XP level 4. HP: 23/23 MP: 5/5
  2919 | D:4      | Became a worshipper of the Wu Jian Council
  3309 | D:3      | Reached XP level 5. HP: 23/28 MP: 6/6
  3347 | D:4      | Found a hazy altar of Hepliaklqana.
  3479 | D:4      | Noticed an ogre
  3558 | D:4      | Noticed a phantom
  3580 | D:4      | Killed a phantom
  3581 | D:4      | Reached skill level 6 in Dodging
  3636 | D:4      | Found Todopri's Antique Armour Emporium.
  3858 | D:5      | Entered Level 5 of the Dungeon
  3955 | D:5      | Noticed an ogre
  4114 | D:4      | Slain by an ogre

Illustrated notes

Levels and vault maps discovered:
D:1:      saegor_arrival_fortress, layout_basic
D:2:      layout_basic, grunt_decor_resistance, reono_crystal_passage,
          glass_columns_a
D:3:      layout_rooms, mainiacjoe_overflow_cross_hatched, tso_altar,
          general_overflow_altar
D:4:      layout_basic, mainiacjoe_overflow_24_doors,
          nicolae_wu_jian_wuxing_cycle, serial_shops, shop,
          kennysheep_another_room
D:5:      layout_cave_pools, grunt_temple_overflow_magic_moments, uniq_sigmund

Skill      XL: |  1  2  3  4  5 |
---------------+----------------+-----
Short Blades   | 3 4 |  4.7
Dodging        | 5 6 |  6.3
Fighting       | 3 |  3.2
Shields        | |  2.2

Action                     |  1- 3 |  4- 6 || total
---------------------------+-------+-------++-------
  Melee: Rapier            |   193 |   109 ||   302
Ability: Lunge             |       |     1 ||     1
    Use: Scroll            |     5 |       ||     5
   Stab: Sleeping          |     1 |     1 ||     2
 Armour: Robe              |    50 |    34 ||    84
  Dodge: Dodged            |   114 |    82 ||   196
  Block: Buckler           |    32 |    20 ||    52

Table legend: (Time is in decaauts)
 A = Elapsed time spent in this place.
 B = Non-inter-level travel time spent in this place.
 C = Inter-level travel time spent in this place.
 D = Time resting spent in this place.
 E = Time spent auto-exploring this place.
 F = Levels seen in this place.
 G = Mean time per level.
                   A        B        C        D        E       F      G
               +--------+--------+--------+--------+--------+-----+--------+
         Total |   2967 |   2899 |     68 |    317 |   1786 |   5 |  593.4 |
       Dungeon |   2967 |   2899 |     68 |    317 |   1786 |   5 |  593.4 |
               +--------+--------+--------+--------+--------+-----+--------+

Top non-repeatable levels by time:
     D:2: 914 daAuts
     D:4: 716 daAuts
     D:1: 682 daAuts
     D:3: 567 daAuts
     D:5: 87 daAuts
